 Dungeon Crawl Stone Soup version 0.19-a0-1899-g2d93087 (webtiles) character file.

209 PurpleRed the Slasher (level 5, -3/38 HPs)
             Began as a High Elf Fighter on Oct 19, 2016.
             Slain by an ice beast (10 damage)
             ... on level 3 of the Dungeon.
             The game lasted 00:04:22 (2871 turns).

PurpleRed the Slasher (High Elf Fighter)            Turns: 2871, Time: 00:04:22

Health: -3/38      AC:  8    Str: 16    XL:     5   Next: 55%
Magic:  6/6        EV:  4    Int: 11    God:
Gold:   175        SH:  9    Dex: 15    Spells: 0 memorised, 4 levels left

rFire  . . .     SeeInvis .     a - +0 long sword
rCold  . . .     Gourm    .     g - +0 chain mail
rNeg   . . .     Faith    .     c - +0 shield
rPois  .         Spirit   .     (no helmet)
rElec  .         Reflect  .     (no cloak)
rCorr  .         Harm     .     (no gloves)
MR     .....                    (no boots)
Stlth  ..........               (no amulet)
                                (no ring)
                                (no ring)

@: no status effects
A: no striking features
a: no special abilities


You were on level 3 of the Dungeon.
You were not hungry.

You visited 1 branch of the dungeon, and saw 3 of its levels.

You collected 175 gold pieces.

Inventory:

Hand Weapons
 a - a +0 long sword (weapon)
Armour
 b - a +0 scale mail
 c - a +0 shield (worn)
 g - a +0 chain mail (worn)
Magical Staves
 o - an uncursed staff of fire
Scrolls
 h - a scroll of random uselessness {unknown}
 i - a scroll of identify {unknown}
 j - a scroll of remove curse {unknown}
 k - a scroll of teleportation {unknown}
 l - a scroll of amnesia {unknown}
 n - a scroll of blinking {unknown}
Potions
 d - 2 potions of lignification {unknown}
 e - a potion of curing
Comestibles
 f - 2 bread rations
 m - 3 meat rations


   Skills:
 + Level 4.5 Fighting
 * Level 5.8 Long Blades
 - Level 2.6 Armour
 - Level 2.6 Shields


You had 4 spell levels left.
You didn't know any spells.

Dungeon Overview and Level Annotations

Branches:
Dungeon (3/15)

Altars:


Message History

An ice beast comes into view.
The ice beast hits you. The ice beast freezes you!
You closely miss the ice beast.
The ice beast hits you but does no damage.
You completely miss the ice beast.
The ice beast hits you but does no damage.
You hit the ice beast.
The ice beast is lightly wounded.
You block the ice beast's attack.
You slash the ice beast!
The ice beast is heavily wounded.
You block the ice beast's attack.
You hit the ice beast but do no damage.
The ice beast is heavily wounded.
The ice beast hits you. The ice beast freezes you!
* * * LOW HITPOINT WARNING * * *
The ice beast hits you.
* * * LOW HITPOINT WARNING * * *
The ice beast freezes you!
You die...

#### ####..####.#
#.....@Y...#
#.##..####.#
#.....#
###########.....#
.....##...#.....###
.....##...#........
...................
......#...#.....#..
##.##..####.###....


You could see an ice beast.

Vanquished Creatures
  A centaur skeleton (D:3)
  4 gnolls (D:2)
  6 adders
  An ooze (D:1)
  2 worms
  4 dart slugs
  An orc (D:3)
  4 ball pythons
  3 bats
  2 giant cockroaches
  7 goblins
  11 hobgoblins
  6 jackals
  6 kobolds
  2 quokkas (D:2)
  3 frilled lizards
  3 rats
  A fungus (D:3)
67 creatures vanquished.

Notes
Turn   | Place    | Note
-------+----------+-------------------------------------------
     0 | D:1      | PurpleRed the High Elf Fighter began the quest for the Orb.
     0 | D:1      | Reached XP level 1. HP: 16/16 MP: 2/2
   101 | D:1      | Reached skill level 3 in Long Blades
   101 | D:1      | Reached XP level 2. HP: 21/21 MP: 3/3
   546 | D:1      | Reached XP level 3. HP: 22/26 MP: 4/4
   675 | D:2      | Reached skill level 4 in Long Blades
   677 | D:2      | HP: 1/27 [gnoll/halberd (2)]
   982 | D:2      | Reached XP level 4. HP: 8/33 MP: 5/5
  1483 | D:2      | Reached skill level 5 in Long Blades
  1894 | D:2      | Reached XP level 5. HP: 5/37 MP: 6/6
  2863 | D:3      | Noticed an ice beast
  2871 | D:3      | Slain by an ice beast

Vault maps used:
D:1:      roderic_octagonal_star
D:2:      grunt_ministairs_2
D:3:      nicolae_ru_awakened_eye, lemuel_round_altar, first_bread,
          minmay_gold_behind_fungi, minmay_checkerbox

Skill      XL: |  1  2  3  4 |
---------------+-------------+-----
Long Blades    | 3 4 5 |  5.8
Fighting       | 4 |  4.5
Armour         | |  2.6
Shields        | |  2.6

Action                   |  1- 3 |  4- 6 || total
-------------------------+-------+-------++-------
Melee: Long sword        |    87 |   218 ||   305
  Use: Potion            |     1 |     2 ||     3
  Eat: Chunk             |       |     7 ||     7
Armor: Scale mail        |     8 |       ||     8
       Chain mail        |    40 |   153 ||   193
Dodge: Dodged            |    19 |    42 ||    61
Block: Shield            |    59 |   139 ||   198
       Rpst.: Long sword |     4 |    17 ||    21
